 Dungeon Crawl Stone Soup version 0.21.0 (webtiles) character file.

1168 inmateoo the Cudgeler (level 8, -2/51 HPs)
             Began as a Gargoyle Fighter on Jan 6, 2018.
             Slain by Duvessa
             ... wielding a +0 short sword
              (9 damage)
             ... on level 4 of the Dungeon.
             The game lasted 00:03:57 (2679 turns).

inmateoo the Cudgeler (Gargoyle Fighter)            Turns: 2679, Time: 00:03:57

Health: -2/51      AC: 16    Str: 23    XL:     8   Next: 40%
Magic:  8/8        EV:  8    Int:  8    God:
Gold:   201        SH: 12    Dex:  9    Spells: 7/7 levels left

rFire    . . .     SeeInvis .   A - +1 whip (flame)
rCold    + . .     Gourm    .   o - +2 shield
rNeg     + . .     Faith    .   b - +0 scale mail
rPois    ∞         Spirit   .   y - +0 helmet of Lies {rC+} (curse)
rElec    +         Reflect  .   w - +0 cloak
rCorr    .         Harm     .   x - +0 pair of gloves
MR       .....                  (no boots)
Stlth    ..........             (no amulet)
HPRegen  0.17/turn              (no ring)
MPRegen  0.11/turn              (no ring)

@: glowing
A: negative energy resistance 1, electricity resistance, unbreathing,
petrification resistance, rot immunity, AC +5
a: no special abilities


You were on level 4 of the Dungeon.
You were not hungry.

You visited 1 branch of the dungeon, and saw 4 of its levels.

You collected 201 gold pieces.

Inventory:

Hand Weapons
 a - a +0 flail
 s - a +0 mace of crushing
 A - a +1 whip of flaming (weapon)
Armour
 b - a +0 scale mail (worn)
 o - a +2 shield (worn)
 w - a +0 cloak (worn)
 x - a +0 pair of gloves (worn)
 y - the cursed +0 helmet of Lies (worn) {rC+}
   (You found it on level 4 of the Dungeon)

   It protects you from cold.
   It has a curse placed upon it.
Jewellery
 B - an uncursed ring of magical power {unknown}
Wands
 u - a wand of digging (16)
Scrolls
 c - 3 scrolls of amnesia {unknown}
 e - 2 scrolls of remove curse {unknown}
 j - a scroll of teleportation {unknown}
 k - 4 scrolls of identify {unknown}
 m - a scroll of blinking {unknown}
 n - a scroll of magic mapping {unknown}
 q - 2 scrolls of enchant weapon {unknown}
 r - 2 scrolls of fog {unknown}
Potions
 g - a potion of heal wounds {unknown}
 h - a potion of magic {unknown}
 i - a potion of curing {unknown}
 l - a potion of ambrosia {unknown}
 p - 2 potions of brilliance {unknown}
 t - a potion of flight {unknown}
 v - a potion of degeneration {unknown}
 z - a potion of lignification {unknown}
Books
 d - a book of Changes

   Spells                             Type                      Level
   a - Beastly Appendage              Transmutation                1
   b - Sticks to Snakes               Transmutation                2
   c - Spider Form                    Transmutation/Poison         3
   d - Ice Form                       Ice/Transmutation            4
   e - Blade Hands                    Transmutation                5
Comestibles
 f - 4 rations


   Skills:
 + Level 5.7 Fighting
 * Level 6.4 Maces & Flails
 + Level 5.7 Armour
 + Level 5.7 Shields


You had 7 spell levels left.
You didn't know any spells.

Dungeon Overview and Level Annotations

Branches:
Dungeon (4/15)
 Temple: D:4-7

Altars:
Cheibriados
Kikubaaqudgha
Yredelemnul

Annotations:
D:4 Duvessa


Innate Abilities, Weirdness & Mutations

You are resistant to torment.
Your stone body is resilient. (AC +5)
You are immune to poison.
You resist negative energy. (rN+)
You are resistant to electric shocks. (rElec)
You can survive without breathing.
You are immune to petrification.
You are immune to rotting.


Message History

Duvessa hits you with a short sword.
* * * LOW HITPOINT WARNING * * *
You hit Duvessa. You burn Duvessa.
Duvessa is almost dead.
Duvessa hits you with a short sword.
* * * LOW HITPOINT WARNING * * *
You hit Duvessa. You burn Duvessa.
Duvessa is almost dead.
Duvessa hits you with a short sword.
* * * LOW HITPOINT WARNING * * *
You hit Duvessa but do no damage.
Duvessa is almost dead.
Duvessa barely misses you. You block Duvessa's attack.
You hit Duvessa but do no damage.
Duvessa is almost dead.
Duvessa hits you but does no damage.
You barely miss Duvessa.
Duvessa is almost dead.
Duvessa hits you with a short sword!
You die...

#........'....#........#.......
#........#..###...(....########
##......##..####'#.....#...####
#......#....#...+.....#.......
#......#....#...#.....#.......
#......#....#..)#.....#.......
#......#....#...#.....#.......
#......###.##e###.....#'######
######.....#.##@######..........
#....+.....#...).....#..........
#....#.....#.........#..........
#....#.....#.........#..........
#....#.....#.........#..........
#....#.....#.........#.....)....
###'###.....#...#######..........
..........#######........#'######
..........'....<#........#....#..


You could see Duvessa (berserk).

Vanquished Creatures
  Pikel (D:4)
  The ghost of tv1990 the Shield-Bearer, an amateur FoFi of Okawaru (D:4)
  An ogre (D:4)
  Blork the orc (D:4)
  Dowan (D:4)
  2 hounds (D:4)
  Crazy Yiuf (D:3)
  Terence (D:3)
  A worker ant (D:4)
  3 gnolls (D:4)
  6 adders
  4 oozes
  A worm (D:3)
  4 dart slugs (D:1)
  2 leopard geckos
  5 orcs
  A giant cockroach (D:3)
  13 goblins
  10 hobgoblins
  2 quokkas (D:4)
  2 ball pythons (D:2)
  A ball python skeleton (D:4)
  6 bats
  5 frilled lizards
  3 kobolds
  A quokka skeleton (D:4)
  10 rats
  A spectral orc (D:4)
90 creatures vanquished.

Notes
Turn   | Place    | Note
-------+----------+-------------------------------------------
     0 | D:1      | inmateoo the Gargoyle Fighter began the quest for the Orb.
     0 | D:1      | Reached XP level 1. HP: 14/14 MP: 1/1
    89 | D:1      | Reached XP level 2. HP: 11/19 MP: 2/2
   173 | D:1      | Reached XP level 3. HP: 19/23 MP: 3/3
   607 | D:2      | Reached skill level 3 in Maces & Flails
   608 | D:2      | Reached XP level 4. HP: 27/29 MP: 4/4
   790 | D:2      | Found an ancient bone altar of Kikubaaqudgha.
  1040 | D:3      | Found a snail-covered altar of Cheibriados.
  1079 | D:3      | Noticed Terence
  1096 | D:3      | Killed Terence
  1096 | D:3      | Reached XP level 5. HP: 22/33 MP: 5/5
  1624 | D:3      | Found a runed door.
  1634 | D:3      | Noticed Crazy Yiuf
  1642 | D:3      | Killed Crazy Yiuf
  1738 | D:4      | Noticed an ogre
  1752 | D:4      | Reached skill level 4 in Maces & Flails
  1757 | D:4      | Killed an ogre
  1757 | D:4      | Reached XP level 6. HP: 29/39 MP: 6/6
  1760 | D:4      | Noticed tv1990's ghost (amateur FoFi)
  1771 | D:4      | Killed tv1990's ghost
  1771 | D:4      | Reached skill level 5 in Maces & Flails
  1771 | D:4      | Reached XP level 7. HP: 25/44 MP: 7/7
  2027 | D:4      | Got an ancient helmet
  2033 | D:4      | Identified the cursed +0 helmet of Lies {rC+} (You found it on level 4 of the Dungeon)
  2197 | D:4      | Noticed Pikel
  2251 | D:4      | Killed Pikel
  2251 | D:4      | Reached skill level 5 in Fighting
  2251 | D:4      | Reached skill level 6 in Maces & Flails
  2251 | D:4      | Reached skill level 5 in Armour
  2251 | D:4      | Reached skill level 5 in Shields
  2251 | D:4      | Reached XP level 8. HP: 38/50 MP: 8/8
  2305 | D:4      | Noticed Blork the orc
  2317 | D:4      | Killed Blork the orc
  2395 | D:4      | Found a basalt altar of Yredelemnul.
  2611 | D:4      | Noticed Dowan
  2612 | D:4      | Noticed Duvessa
  2659 | D:4      | Killed Dowan
  2679 | D:4      | Slain by Duvessa

Skill      XL: |  1  2  3  4  5  6  7 |
---------------+----------------------+-----
Maces & Flails | 3 4 5 6 |  6.4
Fighting       | 4 5 |  5.7
Armour         | 4 5 |  5.7
Shields        | 4 5 |  5.7

Action                   |  1- 3 |  4- 6 |  7- 9 || total
-------------------------+-------+-------+-------++-------
Melee: Flail             |    81 |   123 |       ||   204
       Mace              |       |    29 |    79 ||   108
       Whip              |       |       |   108 ||   108
  Use: Potion            |       |     1 |       ||     1
  Eat: Chunk             |       |     2 |     1 ||     3
       Ration            |       |       |     1 ||     1
Armor: Scale mail        |    52 |    63 |    72 ||   187
Dodge: Dodged            |    19 |    43 |    55 ||   117
Block: Shield            |    41 |    74 |    91 ||   206
